 Dungeon Crawl Stone Soup version 0.30-a0-459-g9104f0fc43 (webtiles) character file.

Game seed: 12184125561991766223

4 Raultor the Shield-Bearer (level 1, 16/16 HPs)
             Began as an Octopode Fighter on Dec 15, 2022.
             Quit the game on level 1 of the Dungeon.
             The game lasted 00:00:26 (138 turns).

Raultor the Shield-Bearer (Octopode Fighter)         Turns: 138, Time: 00:00:27

Health: 16/16      AC:  1    Str: 15    XL:     1   Next: 60%
Magic:  1/1        EV: 13    Int: 10    God:
Gold:   0          SH:  4    Dex: 11    Spells: 0/0 levels left

rFire   . . .      SeeInvis .    a - +0 long sword
rCold   . . .      Faith    .    b - +0 buckler
rNeg    . . .      Spirit   .    (helmet restricted)
rPois   .          Reflect  .    (no amulet)
rElec   .          Harm     .    (no ring)
rCorr   .          Rampage  .    (no ring)
Will    .....                    (no ring)
Stlth   ++........               (no ring)
HPRegen 0.22/turn                (no ring)
MPRegen 0.07/turn                (no ring)
                                 (no ring)
                                 (no ring)

@: no status effects
A: almost no armour, amphibious, 8 rings, camouflage 1, gelatinous body 1,
(nimble swimmer 1), tentacles
a: no special abilities


You were on level 1 of the Dungeon.
You visited 1 branch of the dungeon, and saw 1 of its levels.


Innate Abilities, Weirdness & Mutations

You cannot wear most types of armour.
You are amphibious.
You can wear up to eight rings at the same time.
Your skin changes colour to match your surroundings (Stealth+).
Your rubbery body absorbs attacks. (AC +1, EV +1)
((You are camouflaged when in or above water. (Stealth+)))
You have tentacles for arms and can constrict up to eight enemies at once.


   Skills:
 + Level 3.0 Fighting
 * Level 2.1 Long Blades
 + Level 3.0 Dodging
 + Level 3.0 Shields


You couldn't memorise any spells.
You didn't know any spells.
Your spell library was empty.

Inventory:

Hand Weapons
 a - a +0 long sword (weapon)
Armour
 b - a +0 buckler (worn)
Scrolls
 d - 2 scrolls of teleportation {unknown}
 e - a scroll of poison {unknown}
Potions
 c - a potion of might

Dungeon Overview and Level Annotations

Branches:
Dungeon (1/15)

Altars:

####### #.....#
######.....############
#......................
#...........########...
#...........# #...
###..........# ##..
.............# #..
##....@.##### ######..
..........b..# #.......
###......###l# #...####
#........ #......#
#......... #....#..
##........# #.......
...?.....#.####...†...
#########.#............
#.#######.#####


You could see a bat (asleep) and a frilled lizard (asleep).


Message History

You kill the ball python!
No target in view!
HP restored.
d - 2 scrolls labelled YNOGIA WAEN
Found 4 stones.
A ball python and an endoplasm come into view.
The endoplasm quivers.
The helpless ball python fails to defend itself.
You hit the ball python.
You kill the ball python!
No target in view!
You see here a ball python corpse.
An endoplasm is nearby!
You hit the endoplasm.
The endoplasm is lightly wounded.
The endoplasm freezes you.
You are frozen.
You hit the endoplasm but do no damage.
The endoplasm is lightly wounded.
The endoplasm barely misses you.
You slash the endoplasm!
You kill the endoplasm!
No target in view!
Found a scroll labelled YCKEN XAHICE.
e - a scroll labelled YCKEN XAHICE No target in view!
No target in view!
Found a scroll labelled PEOTAER JIAMAI.
A frilled lizard and a bat come into view.
Are you sure you want to abandon this character and quit the game? (Confirm with "yes".)

Action                   || total
-------------------------++-------
Melee: Long sword        ||     7
       Constrict         ||     1
       Tentacles         ||     1
 Stab: Sleeping          ||     2
Armor: Skin              ||     1
Dodge: Dodged            ||     3

Levels and vault maps discovered:
D:1:      sevenhm_arrival_forest_fort_small_3, layout_basic, serial_shops, shop

Notes
Turn   | Place    | Note
-------+----------+-------------------------------------------
     0 | D:1      | Raultor the Octopode Fighter began the quest for the Orb.
     0 | D:1      | Reached XP level 1. HP: 16/16 MP: 1/1
   138 | D:1      | Quit the game

Vanquished Creatures
  An endoplasm (D:1)
  A kobold (D:1)
  2 ball pythons (D:1)
4 creatures vanquished.

Table legend: (Time is in decaauts)
 A = Elapsed time spent in this place.
 B = Non-inter-level travel time spent in this place.
 C = Inter-level travel time spent in this place.
 D = Time resting spent in this place.
 E = Time spent auto-exploring this place.
 F = Levels seen in this place.
 G = Mean time per level.
                   A        B        C        D        E       F      G
               +--------+--------+--------+--------+--------+-----+--------+
         Total |    140 |    140 |      0 |      0 |    114 |   1 |  140.0 |
       Dungeon |    140 |    140 |      0 |      0 |    114 |   1 |  140.0 |
               +--------+--------+--------+--------+--------+-----+--------+

Top non-repeatable levels by time:
     D:1: 140 daAuts

Table legend:
 A = Non-vault XP
 B = Vault XP
 C = Vault XP percentage of total XP
 D = Non-vault monster count
 E = Vault monster count
 F = Vault count percentage of total count
                 A         B        C        D         E       F
            +---------+---------+-------+---------+---------+-------
      Total |       6 |       0 |   0.0 |       4 |       0 |   0.0
            +---------+---------+-------+---------+---------+-------
        D:1 |       6 |       0 |   0.0 |       4 |       0 |   0.0
            +---------+---------+-------+---------+---------+-------
